BSA
NASSAU ROCKETS @ IRVINE GANG GREEN
06/23/2030
 
TOP OF THE 1ST
Nassau Rockets batting - Pitching for Irvine Gang Green : RHP Ron Moore
Pitching: RHP Ron Moore
Batting: LHB Andrew Alvarado 0-0: Ball
1-0: Ball
2-0: Foul Ball, location: 2F
2-1: Foul Ball, location: 2F
2-2: Fly out, F9 (Flyball, 9LS)
Batting: LHB Dusty Wilson 0-0: Called Strike
0-1: Ball
1-1: Foul Ball, location: 2F
1-2: Fly out, F6 (Popup, 6)
Batting: SHB Edgardo Osorio 0-0: Fly out, F8 (Flyball, 8LM)
Top of the 1st over - 0 runs, 0 hits, 0 errors, 0 left on base; Nassau 0 - Irvine 0
BOTTOM OF THE 1ST
Irvine Gang Green batting - Pitching for Nassau Rockets : LHP Ben Moody
Pitching: LHP Ben Moody
Batting: RHB Tomás Carranza 0-0: Ball
1-0: Fly out, F9 (Flyball, 89M)
Batting: RHB José Salazar 0-0: Ball
1-0: Foul Ball, location: 2F
1-1: Foul Ball, location: 2F
1-2: Foul Ball, location: 2F
1-2: Ball
2-2: Foul Ball, location: 2F
2-2: Ground out 6-3 (Groundball, 6)
Batting: LHB Jeff Daniels 0-0: Ball
1-0: TRIPLE (Flyball, 8RXD)
Batting: LHB Víctor Quiñones 0-0: Called Strike
0-1: Ball
1-1: Ground out 1-3 (Groundball, P)
Bottom of the 1st over - 0 runs, 1 hit, 0 errors, 1 left on base; Nassau 0 - Irvine 0
TOP OF THE 2ND
Nassau Rockets batting - Pitching for Irvine Gang Green : RHP Ron Moore
Batting: RHB Wallace Greene 0-0: Swinging Strike
0-1: Foul Ball, location: 2F
0-2: Ball
1-2: Ball
2-2: Ball
3-2: Strikes out swinging
Batting: RHB Dexter Potter 0-0: Fly out, F9 (Flyball, 9LDF)
Batting: LHB Juan Romero 0-0: Swinging Strike
0-1: Swinging Strike
0-2: Ball
1-2: Ball
2-2: Ball
3-2: Strikes out swinging
Top of the 2nd over - 0 runs, 0 hits, 0 errors, 0 left on base; Nassau 0 - Irvine 0
BOTTOM OF THE 2ND
Irvine Gang Green batting - Pitching for Nassau Rockets : LHP Ben Moody
Batting: RHB Carlos García 0-0: Swinging Strike
0-1: Called Strike
0-2: SINGLE (Groundball, 56D)
Batting: RHB Ron Elazar 0-0: Ball
1-0: Foul Ball, location: 2F
1-1: Called Strike
1-2: Ball
2-2: Foul Ball, location: 2F
2-2: Ball
3-2: Foul Ball, location: 2F
3-2: Fly out, F9 (Flyball, 9LM)
Batting: SHB Nick Cox 0-0: Foul Ball, location: 2F
0-1: Swinging Strike
0-2: Ball
1-2: Ball
2-2: Foul Ball, location: 2F
2-2: Foul Ball, location: 2F
2-2: Fly out, F8 (Flyball, 89S)
Batting: RHB Tyler Wagner 0-0: Fly out, F7 (Flyball, 7S)
Bottom of the 2nd over - 0 runs, 1 hit, 0 errors, 1 left on base; Nassau 0 - Irvine 0
TOP OF THE 3RD
Nassau Rockets batting - Pitching for Irvine Gang Green : RHP Ron Moore
Batting: RHB Salvador Borbón 0-0: Called Strike
0-1: Ball
1-1: Swinging Strike
1-2: Ball
2-2: Ball
3-2: Ground out 6-3 (Groundball, 6)
Batting: RHB Jesús Villalobos 0-0: Ball
1-0: Ball
2-0: Ball
3-0: Base on Balls
Batting: RHB Kenji Kudo 0-0: Fly out, F6 (Popup, P)
Batting: LHB Andrew Alvarado 0-0: Ball
1-0: Ball
Jesús Villalobos is caught stealing 2nd base
Top of the 3rd over - 0 runs, 0 hits, 0 errors, 0 left on base; Nassau 0 - Irvine 0
BOTTOM OF THE 3RD
Irvine Gang Green batting - Pitching for Nassau Rockets : LHP Ben Moody
Batting: SHB Carlos Córdova 0-0: Ball
1-0: Foul Ball, location: 2F
1-1: Called Strike
1-2: Ball
2-2: Foul Ball, location: 2F
2-2: Fly out, F4 (Popup, 3S)
Batting: RHB Tomás Carranza 0-0: Called Strike
0-1: Ball
1-1: Foul Ball, location: 2F
1-2: Ball
2-2: Foul Ball, location: 2F
2-2: Fly out, F8 (Flyball, 8RM)
Batting: RHB José Salazar 0-0: DOUBLE (Line Drive, 7LM)
Batting: LHB Jeff Daniels 0-0: Ball
1-0: Ball
2-0: Called Strike
2-1: Ground out 4-3 (Groundball, 4MD)
Bottom of the 3rd over - 0 runs, 1 hit, 0 errors, 1 left on base; Nassau 0 - Irvine 0
TOP OF THE 4TH
Nassau Rockets batting - Pitching for Irvine Gang Green : RHP Ron Moore
Batting: LHB Andrew Alvarado 0-0: Swinging Strike
0-1: SINGLE (Line Drive, 9LS)
Batting: LHB Dusty Wilson 0-0: Ball
Wild Pitch!
Andrew Alvarado to second
1-0: Called Strike
1-1: Swinging Strike
1-2: Strikes out swinging passed ball, reaches first!
Andrew Alvarado to third
Batting: SHB Edgardo Osorio 0-0: SINGLE (Groundball, 13S) (infield hit)
Dusty Wilson to second
Batting: RHB Wallace Greene 0-0: Foul Ball, location: 2F
0-1: Ball
1-1: GRAND SLAM HOME RUN (Flyball, 7D), Distance : 425 ft
Batting: RHB Dexter Potter 0-0: Foul Ball, location: 2F
0-1: Swinging Strike
0-2: Foul Ball, location: 2F
0-2: Ball
1-2: SINGLE (Groundball, 6MD)
Batting: LHB Juan Romero 0-0: Fly out, F8 (Flyball, 78M)
Batting: RHB Salvador Borbón 0-0: Ball
1-0: Foul Ball, location: 2F
1-1: Swinging Strike
1-2: Ball
2-2: Foul Ball, location: 2F
2-2: Foul Ball, location: 2F
2-2: Grounds into double play, 6-4-3 (Groundball, 6)
Top of the 4th over - 4 runs, 4 hits, 0 errors, 0 left on base; Nassau 4 - Irvine 0
BOTTOM OF THE 4TH
Irvine Gang Green batting - Pitching for Nassau Rockets : LHP Ben Moody
Batting: LHB Víctor Quiñones 0-0: Ball
1-0: Ball
2-0: Foul Ball, location: 2F
2-1: Foul Ball, location: 2F
2-2: Foul Ball, location: 2F
2-2: Ball
3-2: Ground out 4-3 (Groundball, 4MD)
Batting: RHB Carlos García 0-0: Called Strike
0-1: Swinging Strike
0-2: Strikes out looking
Batting: RHB Ron Elazar 0-0: Ball
1-0: Swinging Strike
1-1: Ball
2-1: Foul Ball, location: 2F
2-2: Strikes out swinging
Bottom of the 4th over - 0 runs, 0 hits, 0 errors, 0 left on base; Nassau 4 - Irvine 0
TOP OF THE 5TH
Nassau Rockets batting - Pitching for Irvine Gang Green : RHP Ron Moore
Batting: RHB Jesús Villalobos 0-0: Ground out 5-3 (Groundball, 56)
Batting: RHB Kenji Kudo 0-0: Ball
1-0: Fly out, F7 (Flyball, 7S)
Batting: LHB Andrew Alvarado 0-0: Foul Ball, location: 2F
0-1: Foul Ball, location: 2F
0-2: Strikes out looking
Top of the 5th over - 0 runs, 0 hits, 0 errors, 0 left on base; Nassau 4 - Irvine 0
BOTTOM OF THE 5TH
Irvine Gang Green batting - Pitching for Nassau Rockets : LHP Ben Moody
Batting: SHB Nick Cox 0-0: SINGLE (Groundball, 56D)
Batting: RHB Tyler Wagner 0-0: Grounds into double play, 6-4-3 (Groundball, 6)
Batting: SHB Carlos Córdova 0-0: Ball
1-0: Called Strike
1-1: Called Strike
1-2: Fly out, F9 (Flyball, 89M)
Bottom of the 5th over - 0 runs, 1 hit, 0 errors, 0 left on base; Nassau 4 - Irvine 0
TOP OF THE 6TH
Nassau Rockets batting - Pitching for Irvine Gang Green : RHP Ron Moore
Batting: LHB Dusty Wilson 0-0: Foul Ball, location: 2F
0-1: Ball
1-1: SINGLE (Line Drive, 4MD)
Batting: SHB Edgardo Osorio 0-0: Ball
1-0: Called Strike
1-1: Called Strike
1-2: Foul Ball, location: 2F
1-2: Ball
2-2: Ball
3-2: Fielders Choice at 2nd, 4-6 (Groundball, 4)
Batting: RHB Wallace Greene 0-0: Called Strike
Edgardo Osorio steals 2nd base
0-1: Foul Ball, location: 2F
0-2: Fly out, F7 (Flyball, 7S)
Batting: RHB Dexter Potter 0-0: Ball
1-0: Called Strike
1-1: Ground out 4-3 (Groundball, 34)
Top of the 6th over - 0 runs, 1 hit, 0 errors, 1 left on base; Nassau 4 - Irvine 0
BOTTOM OF THE 6TH
Irvine Gang Green batting - Pitching for Nassau Rockets : LHP Ben Moody
Batting: RHB Tomás Carranza 0-0: Ball
1-0: Called Strike
1-1: Foul Ball, location: 2F
1-2: Ground out 3-1 (Groundball, 34S)
Batting: RHB José Salazar 0-0: Ball
1-0: Fly out, F7 (Flyball, 7LDF)
Batting: LHB Jeff Daniels 0-0: Foul Ball, location: 2F
0-1: Ball
1-1: Called Strike
1-2: Strikes out swinging
Bottom of the 6th over - 0 runs, 0 hits, 0 errors, 0 left on base; Nassau 4 - Irvine 0
TOP OF THE 7TH
Nassau Rockets batting - Pitching for Irvine Gang Green : RHP Ron Moore
Batting: LHB Juan Romero 0-0: Fly out, F8 (Flyball, 78D)
Batting: RHB Salvador Borbón 0-0: Ball
1-0: Ball
2-0: Ground out 4-3 (Groundball, 4)
Batting: RHB Jesús Villalobos 0-0: Swinging Strike
0-1: Called Strike
0-2: Strikes out swinging
Top of the 7th over - 0 runs, 0 hits, 0 errors, 0 left on base; Nassau 4 - Irvine 0
BOTTOM OF THE 7TH
Irvine Gang Green batting - Pitching for Nassau Rockets : LHP Ben Moody
Batting: LHB Víctor Quiñones 0-0: Called Strike
0-1: Ball
1-1: Swinging Strike
1-2: Strikes out swinging
Batting: RHB Carlos García 0-0: Ball
1-0: Ball
2-0: Called Strike
2-1: Ball
3-1: Called Strike
3-2: DOUBLE (Line Drive, 7LD)
Batting: RHB Ron Elazar 0-0: Called Strike
0-1: Ball
1-1: Called Strike
1-2: Foul Ball, location: 2F
1-2: Foul Ball, location: 2F
1-2: Ground out 6-3 (Groundball, 6)
Batting: SHB Nick Cox 0-0: Foul Ball, location: 2F
0-1: Foul Ball, location: 2F
0-2: Strikes out swinging
Bottom of the 7th over - 0 runs, 1 hit, 0 errors, 1 left on base; Nassau 4 - Irvine 0
TOP OF THE 8TH
Nassau Rockets batting - Pitching for Irvine Gang Green : RHP Ron Moore
Batting: RHB Kenji Kudo 0-0: Ball
1-0: Called Strike
1-1: Called Strike
1-2: Foul Ball, location: 2F
1-2: Ball
2-2: Ball
3-2: Foul Ball, location: 2F
3-2: Fly out, F8 (Flyball, 8RS)
Batting: LHB Andrew Alvarado 0-0: Ball
1-0: Ball
2-0: Foul Ball, location: 2F
2-1: Ball
3-1: SINGLE (Line Drive, 6D)
Batting: LHB Dusty Wilson 0-0: Ball
1-0: Foul Ball, location: 2F
1-1: Called Strike
1-2: Ball
2-2: Strikes out swinging
Batting: SHB Edgardo Osorio 0-0: Called Strike
Andrew Alvarado steals 2nd base
0-1: Ground out 6-3 (Groundball, 6M)
Top of the 8th over - 0 runs, 1 hit, 0 errors, 1 left on base; Nassau 4 - Irvine 0
BOTTOM OF THE 8TH
Irvine Gang Green batting - Pitching for Nassau Rockets : LHP Ben Moody
Batting: RHB Tyler Wagner 0-0: Ball
1-0: Called Strike
1-1: Ball
2-1: Ball
3-1: Swinging Strike
3-2: SOLO HOME RUN (Flyball, 7D), Distance : 406 ft
Pitching: RHP Chris Marshall
Batting: SHB Carlos Córdova 0-0: Ball
1-0: Called Strike
1-1: Called Strike
1-2: Ball
2-2: Ball
3-2: SINGLE (Flyball, 5D)
Batting: RHB Tomás Carranza 0-0: Ball
1-0: Called Strike
1-1: Ball
2-1: SINGLE (Groundball, 3D)
Carlos Córdova to second
Runner from 2nd tries for 3rd, SAFE, no throw
Pinch Runner at 3rd Ronnie Brown:
Batting: RHB José Salazar 0-0: Foul Ball, location: 2F
0-1: DOUBLE (Line Drive, 7LM)
Ronnie Brown scores
Tomás Carranza to third
Batting: LHB Jeff Daniels 0-0: Ball
1-0: Called Strike
1-1: Reached via error on a dropped throw, E3
Tomás Carranza scores
José Salazar to third
Batting: LHB Víctor Quiñones 0-0: Ball
1-0: Ball
2-0: Foul Ball, location: 2F
2-1: SINGLE (Groundball, 34)
José Salazar scores
Jeff Daniels to second
Runner from 2nd tries for 3rd, SAFE, no throw
Pitching: RHP Bill Sampson
Pinch Hitting: LHB Jorge Martínez 0-0: Ball
1-0: Foul Ball, location: 2F
1-1: Ball
2-1: Fly out, F7 (Flyball, 7LM)
Batting: RHB Ron Elazar 0-0: Ball
1-0: Fly out, F8 (Flyball, 8LM)
Batting: SHB Nick Cox 0-0: Ball
1-0: Ball
2-0: Ball
3-0: Base on Balls
Víctor Quiñones to second
Batting: RHB Tyler Wagner 0-0: DOUBLE (Line Drive, 89D)
Jeff Daniels scores
Víctor Quiñones scores
Nick Cox to third
Runner from 3rd tries for Home, SAFE, no throw
Batting: RHB Ronnie Brown 0-0: Ball
1-0: Ball
2-0: Swinging Strike
2-1: Foul Ball, location: 2F
2-2: Ball
3-2: Foul Ball, location: 2F
3-2: Foul Ball, location: 2F
3-2: SINGLE (Groundball, 3S) (infield hit)
Tyler Wagner to third
Batting: RHB Tomás Carranza 0-0: Ball
1-0: Called Strike
1-1: Foul Ball, location: 2F
1-2: Foul Ball, location: 2F
1-2: Fly out, F9 (Line Drive, 9)
Bottom of the 8th over - 7 runs, 7 hits, 1 error, 2 left on base; Nassau 4 - Irvine 7
TOP OF THE 9TH
Nassau Rockets batting - Pitching for Irvine Gang Green : RHP Ron Moore
Pitching: RHP Raúl Saltines
Now at 2B: Jorge Martínez
Now at SS: Ronnie Brown
Batting: RHB Wallace Greene 0-0: Called Strike
0-1: Foul Ball, location: 2F
0-2: Strikes out swinging
Batting: RHB Dexter Potter 0-0: Ground out 4-3 (Groundball, 4)
Batting: LHB Juan Romero 0-0: Fly out, F8 (Flyball, 8LXD)
Top of the 9th over - 0 runs, 0 hits, 0 errors, 0 left on base; Nassau 4 - Irvine 7
Saturday, April 7th, 2018 - OOTP Baseball 18.8 Build 76